 Dungeon Crawl Stone Soup version 0.31-a0-949-g57150269e1 (webtiles) character file.

Game seed: 4745201404974943373

21 LadyBoffin the Changeling (level 2, 8/8 HPs)
             Began as a Felid Shapeshifter on Oct 22, 2023.
             Got out of the dungeon alive.
             The game lasted 00:02:09 (339 turns).

LadyBoffin the Changeling (Felid Shapeshifter)       Turns: 339, Time: 00:02:10

Health: 8/8        AC:  1    Str: 10    XL:     2   Next: 62%
Magic:  3/3        EV: 17    Int: 11    God:
Gold:   0          SH:  0    Dex: 15    Spells: 1/1 levels left
                                        Lives:  0   Deaths: 1

rFire   . .          .
                       - Unarmed
rCold   . . .        (shield unavailable)
rNeg    . . .        (body armour unavailable)
rPois   .            (helmet unavailable)
rElec   .            (cloak unavailable)
rCorr   .            (gloves unavailable)
SInv    +            (boots unavailable)
Will    .....        (no amulet)
Stlth   +            (no ring)
HPRegen 0.21/turn    (no ring)
MPRegen 0.08/turn

%: no passive effects
@: flux-form, glowing, quick
A: glow, contaminating, reduced hp, very small, claws 1, fangs 3, see invisible,
speed 1, shaggy fur 1, stealthy paws, no weapons or thrown items, no armour,
multi-lived
a: Begin Untransformation


You escaped.
You were something dangerously unstable.
You visited 1 branch of the dungeon, and saw 1 of its levels.

Inventory:

Talismans
 b - a beast talisman
 c - a flux talisman (active)
Scrolls
 d - a scroll of silence {unknown}
Potions
 a - a potion of lignification
 e - a potion of heal wounds {unknown}


   Skills:
 + Level 1.0 Fighting
 + Level 2.6 Dodging
 + Level 3.5 Unarmed Combat
 + Level 3.7 Shapeshifting


You had one spell level left.
You didn't know any spells.
Your spell library was empty.

Dungeon Overview and Level Annotations

Branches:
Dungeon (1/15)

Altars:


Innate Abilities, Weirdness & Mutations

You are something dangerously unstable.
You glow with magical radiation, making you easy to see and hit.
Foes you strike become dangerously contaminated with magical radiation.
Your maximum health is decreased, since you lack skill for your form.
You have sharp claws.
You have razor-sharp teeth.
You have supernaturally acute eyesight. (SInv)
You cover ground quickly. (Speed+)
You are covered in fur. (AC +1)
Your paws help you pounce on unaware monsters.
You are incapable of wielding weapons or throwing items.
You cannot wear armour.
You gain extra lives every three experience levels.


Message History

You scratch the kobold.
The kobold begins to glow.
The kobold is severely wounded.
The kobold completely misses you.
You scratch the kobold.
You kill the kobold!
You scratch the hobgoblin but do no damage.
The hobgoblin begins to glow.
You bite the hobgoblin.
The hobgoblin is lightly wounded.
The hobgoblin barely misses you.
You scratch the hobgoblin but do no damage.
The hobgoblin glows dangerously bright.
The hobgoblin is lightly wounded.
You scratch the hobgoblin.
The hobgoblin shudders as magic cascades through it!
You kill the hobgoblin!
Items here: ) †††.
You start resting.
HP restored.
A kobold comes into view. It is wielding a +2 vampiric dagger.
The kobold shouts!
The kobold closely misses you.
You barely miss the kobold. The kobold misses you.
You closely miss the kobold.
The kobold hits you with a +2 vampiric dagger.
Ouch! That really hurt!
You closely miss the kobold. The kobold closely misses you.
You closely miss the kobold. You bite the kobold, but do no damage.
The kobold completely misses you.
You closely miss the kobold.
The kobold hits you with a +2 vampiric dagger.
You die...
Your shape twists and changes as you die.
You rejoin the land of the living...
Unknown command.
Found 7 stones.
There is an open door here.
There is a staircase leading out of the dungeon here.
Alright, then stay!
There is a staircase leading out of the dungeon here.
You have escaped!

#.# #.#. .#
#.###..##.#
#.........#
#.........#
#.........#
##...###...#
##...##.##.(#
#....#...#..#
#....+.p.'..#
#....#...#..#
##...##.##..##..#
##...###.....(.#
#.
#.........###.#
#g #.........# #.
##.........# #.
#####..........#
#.
##...........####


There were no monsters in sight!

Vanquished Creatures
  A dart slug (D:1)
  4 bats (D:1)
  2 endoplasms (D:1)
  2 goblins (D:1)
  4 hobgoblins (D:1)
  A frilled lizard (D:1)
  2 kobolds (D:1)
  2 rats (D:1)
18 creatures vanquished.

Notes
Turn   | Place    | Note
-------+----------+-------------------------------------------
     0 | D:1      | LadyBoffin the Felid Shapeshifter began the quest for the
                  | Orb.
     0 | D:1      | Reached XP level 1. HP: 9/9 MP: 2/2
   122 | D:1      | Reached XP level 2. HP: 7/12 MP: 3/3
   314 | D:1      | Slain by a kobold
   339 | D:$      | Got out of the dungeon alive.

Illustrated notes

Levels and vault maps discovered:
D:1:      dpeg_arrival_shelter, layout_loops_ring,
          chequers_serial_rivers_small_b

Action                     || total
---------------------------++-------
  Melee: Unarmed           ||    51
         Bite              ||     4
 Armour: Skin              ||    12
  Dodge: Dodged            ||    42
         Form:             ||     1
         Flux              ||     1

Table legend: (Time is in decaauts)
 A = Elapsed time spent in this place.
 B = Non-inter-level travel time spent in this place.
 C = Inter-level travel time spent in this place.
 D = Time resting spent in this place.
 E = Time spent auto-exploring this place.
 F = Levels seen in this place.
 G = Mean time per level.
                   A        B        C        D        E       F      G
               +--------+--------+--------+--------+--------+-----+--------+
         Total |    284 |    268 |     16 |      6 |    126 |   1 |  284.0 |
       Dungeon |    284 |    268 |     16 |      6 |    126 |   1 |  284.0 |
               +--------+--------+--------+--------+--------+-----+--------+

Top non-repeatable levels by time:
     D:1: 284 daAuts
